 Dungeon Crawl Stone Soup version 0.31-a0-632-g766dd24fdf (webtiles) character file.

Game seed: 14805925878888083131

429 Ofeo the Sneak (level 7, -1/54 HPs)
             Began as a Kobold Earth Elementalist on Aug 25, 2023.
             Slain by a killer bee (7 damage)
             ... on level 4 of the Dungeon.
             The game lasted 00:04:25 (5456 turns).

Ofeo the Sneak (Kobold Earth Elementalist)          Turns: 5456, Time: 00:04:25

Health: -1/54      AC: 23    Str:  6    XL:     7   Next: 19%
Magic:  12/12      EV:  3    Int: 16    God:
Gold:   9          SH:  0    Dex: 17    Spells: 12/13 levels left

rFire   . . .        r - +3 falchion of Crawling {spect, rPois}
rCold   . . .        p - orb {light}
rNeg    . . .        a - melded +1 robe
rPois   +            (helmet currently unavailable)
rElec   .            (cloak currently unavailable)
rCorr   .            (gloves currently unavailable)
SInv    .            (boots currently unavailable)
Will    .....        (no amulet)
Stlth   ++           j - ring of flight
HPRegen 0.29/turn    (no ring)
MPRegen 0.13/turn

%: no passive effects
@: tree-form, glowing
A: stationary, stasis, torment immunity, boosted hp, small, no large weapons,
nightstalker 3
a: no special abilities


You were on level 4 of the Dungeon.
You were a tree.
You visited 1 branch of the dungeon, and saw 5 of its levels.

You collected 233 gold pieces.
You spent 224 gold pieces at shops.

Inventory:

Hand Weapons
 n - the +3 spear of the Sea {freeze, rF+ Will+}
   (You found it on level 2 of the Dungeon)

   rF+:       It protects you from fire.
   Will+:     It increases your willpower.
 o - a +0 rapier
 r - the +3 falchion of Crawling (weapon) {spect, rPois}
   (You bought it in a shop on level 2 of the Dungeon)

   rPois:     It protects you from poison
Armour
 a - a +1 robe (melded)
 p - an orb of light (worn)
Jewellery
 j - a ring of flight (left branch)
Wands
 t - a wand of digging (6) {@v1}
Scrolls
 d - a scroll of poison
 f - a scroll of revelation
 h - a scroll of amnesia
 i - a scroll of identify {@r1}
 m - a scroll of fear
 q - a scroll of teleportation {@r3}
Potions
 b - a potion of magic
 c - a potion of enlightenment {unknown}
 e - 2 potions of mutation {unknown}
 k - 2 potions of cancellation
 l - a potion of lignification
 s - a potion of haste {@q3}
 I - a potion of invisibility


   Skills:
 + Level 4.4 Dodging
 + Level 5.1 Stealth
 + Level 3.7 Spellcasting
 + Level 3.1 Transmutations
 + Level 4.2 Earth Magic


You had 12 spell levels left.
You knew the following spells:

 Your Spells              Type           Power      Damage    Failure   Level
a - Sandblast             Erth           32%        2d9       3%          1

Your spell library contained the following spells:

 Spells                   Type           Power      Damage    Failure   Level
 Passwall                 Tmut/Erth      11%        N/A       6%          2
 Summon Small Mammal      Summ           8%         N/A       17%         1
 Stone Arrow              Conj/Erth      18%        3d8       22%         3
 Ignite Poison            Fire/Tmut/Pois 6%         N/A       34%         3
 Petrify                  Tmut/Erth      14%        N/A       36%         4
 Call Canine Familiar     Summ           2%         N/A       45%         3
 Summon Guardian Golem    Hex/Summ       2%         N/A       45%         3
 Sticky Flame             Conj/Fire      2%         2d3       86%         4
 Ignition                 Fire           1%         3d3       100%        8


Dungeon Overview and Level Annotations

Branches:
Dungeon (5/15)
 Temple: D:4-7

Altars:
Makhleb
The Shining One

Shops:
D:2 (


Innate Abilities, Weirdness & Mutations

You are a tree.
Your roots penetrate the ground, keeping you stationary.
You cannot be teleported.
You are immune to unholy pain and torment.
Your maximum health is greatly increased.
Your equipment is partially melded.
You are small and have problems with some larger weapons.
You are completely attuned to the shadows.


Message History

You hit the killer bee.
The killer bee is heavily wounded.
Your +3 falchion of Crawling {spect, rPois} closely misses the killer bee.
The killer bee stings you. The killer bee misses you.
The killer bee stings your +3 falchion of Crawling {spect, rPois}!
Your spectral weapon shares its damage with you!
You take 9 damage, and have 15/36 hp.
MASSIVE DAMAGE!!
You barely miss the killer bee.
The killer bee is heavily wounded.
Your +3 falchion of Crawling {spect, rPois} hits the killer bee but does no damage.
The killer bee barely misses you. The killer bee stings you!
* * * LOW HITPOINT WARNING * * *
You take 7 damage, and have 8/36 hp.
You barely miss the killer bee.
The killer bee is heavily wounded.
Your +3 falchion of Crawling {spect, rPois} hits the killer bee.
The killer bee completely misses you.
The killer bee misses your +3 falchion of Crawling {spect, rPois}.
The killer bee closely misses you.
It was a potion of lignification.
You turn into a tree.
Your +1 robe melds into your body.
Your roots penetrate the ground.
l - a potion of lignification;
m - a scroll of fear Your +3 falchion of Crawling {spect, rPois} disappears.
The killer bee stings you but does no damage.
You now have 13/54 hp.
You hit the killer bee.
The killer bee is lightly wounded.
The killer bee stings you but does no damage. x3
The killer bee stings you.
* * * LOW HITPOINT WARNING * * *
The killer bee stings you.
* * * LOW HITPOINT WARNING * * *
The killer bee stings you.
* * * LOW HITPOINT WARNING * * *
You take 8 damage, and have 5/54 hp.
You hit the killer bee.
The killer bee is moderately wounded.
The killer bee stings you but does no damage. x2
The killer bee stings you!
You die...

..#####.........#.......###'#####
................#............#
.......##########............#
.......#....<...'............#
.......).......##.......##...#
.......#.......###########...#
....)..#.......#........#....#
.......#......>#y......<'....##
.......#......Sy♣.......#.....#
..#####........###########....#
..# #.##+######.......##....# ..#
#.........#.......##)#### ..#
#.........+.......#.....# ..#
#.......>.#.......#.....# ..#
#.........######'##.....# ..#
#.......................# ..#
#.......................#


You could see 2 killer bees and an adder.

Vanquished Creatures
  A water moccasin (D:4)
  An ogre (D:4)
  A scorpion (D:4)
  An orc wizard (D:4)
  5 adders
  A shadow imp (D:4)
  An ufetubus (D:4)
  3 worms (D:2)
  2 dart slugs
  5 orcs
  5 endoplasms
  6 giant cockroaches
  8 goblins
  6 hobgoblins
  6 jackals (D:2)
  3 quokkas
  6 ball pythons
  7 bats
  6 frilled lizards
  9 kobolds
  3 rats
86 creatures vanquished.

Notes
Turn   | Place    | Note
-------+----------+-------------------------------------------
     0 | D:1      | Ofeo the Kobold Earth Elementalist began the quest for the
                  | Orb.
     0 | D:1      | Reached XP level 1. HP: 10/10 MP: 3/3
   294 | D:1      | Reached XP level 2. HP: 15/15 MP: 3/5
   351 | D:1      | Reached skill level 3 in Stealth
   853 | D:1      | Reached XP level 3. HP: 19/19 MP: 4/6
  1413 | D:2      | Reached XP level 4. HP: 23/24 MP: 2/7
  2032 | D:2      | Identified the +3 spear of the Sea {freeze, rF+ Will+}
  2161 | D:2      | Found Posuref's Antique Weapon Emporium.
  2989 | D:3      | Reached XP level 5. HP: 28/28 MP: 7/9
  3952 | D:4      | Noticed an ogre
  3957 | D:4      | Killed an ogre
  3958 | D:4      | Reached skill level 4 in Stealth
  3958 | D:4      | Reached XP level 6. HP: 32/32 MP: 7/10
  4331 | D:4      | Noticed a water moccasin
  4338 | D:4      | Killed a water moccasin
  4776 | D:4      | Found a burning altar of Makhleb.
  4776 | D:4      | Found a glowing golden altar of the Shining One.
  4841 | D:4      | Reached skill level 5 in Stealth
  4841 | D:4      | Reached XP level 7. HP: 36/36 MP: 8/12
  5390 | D:2      | Bought a bloodstained falchion for 224 gold pieces
  5390 | D:2      | Identified the +3 falchion of Crawling {spect, rPois} (You
                  | bought it in a shop on level 2 of the Dungeon)
  5444 | D:5      | Entered Level 5 of the Dungeon
  5456 | D:4      | Slain by a killer bee

Illustrated notes

Levels and vault maps discovered:
D:1:      dpeg_arrival_round_a, layout_basic
D:2:      layout_rooms, serial_shops, shop, kennysheep_cross_bottleneck
D:3:      layout_basic
D:4:      layout_gridville, gammafunk_temple_overflow_pools
D:5:      layout_cave_pods, serial_shops, nicolae_shop_rolling_square,
          gammafunk_ghost_grave, lightli_corner_chamber

Skill      XL: |  1  2  3  4  5  6 |
---------------+-------------------+-----
Stealth        | 3 4 5 |  5.1
Dodging        | 3 4 |  4.4
Transmutations | 2 3 |  3.1
Spellcasting   | 3 |  3.7
Earth Magic    | 4 |  4.2

Action                     |  1- 3 |  4- 6 |  7- 9 || total
---------------------------+-------+-------+-------++-------
  Melee: Unarmed           |     4 |     8 |       ||    12
         Spear             |       |    25 |    23 ||    48
         Falchion          |       |       |     6 ||     6
         Punch             |       |       |     1 ||     1
   Cast: Sandblast         |    45 |    75 |     6 ||   126
    Use: Scroll            |       |    11 |       ||    11
         Potion            |       |     2 |     1 ||     3
   Stab: Sleeping          |       |     1 |       ||     1
 Armour: Robe              |     3 |     8 |     8 ||    19
         Skin              |       |       |     6 ||     6
  Dodge: Dodged            |     5 |    44 |    27 ||    76

Table legend: (Time is in decaauts)
 A = Elapsed time spent in this place.
 B = Non-inter-level travel time spent in this place.
 C = Inter-level travel time spent in this place.
 D = Time resting spent in this place.
 E = Time spent auto-exploring this place.
 F = Levels seen in this place.
 G = Mean time per level.
                   A        B        C        D        E       F      G
               +--------+--------+--------+--------+--------+-----+--------+
         Total |   5505 |   5295 |    210 |    267 |   4538 |   5 | 1101.0 |
       Dungeon |   5505 |   5295 |    210 |    267 |   4538 |   5 | 1101.0 |
               +--------+--------+--------+--------+--------+-----+--------+

Top non-repeatable levels by time:
     D:4: 1546 daAuts
     D:3: 1397 daAuts
     D:2: 1306 daAuts
     D:1: 1253 daAuts
     D:5: 2 daAuts
